 Dungeon Crawl Stone Soup version 0.17.2-1-ge4368a0 (webtiles) character file.

2898 tidbits the Martial Artist (level 9, -5/72 HPs)
             Began as a Demigod Transmuter on Sept 22, 2017.
             Slain by a wraith (10 damage)
             ... led by Josephine
             ... on level 9 of the Dungeon.
             The game lasted 00:28:10 (3582 turns).

tidbits the Martial Artist (Demigod Transmuter)     Turns: 3582, Time: 00:28:10

Health: -5/72      AC:  5    Str: 14 (15) XL:     9   Next: 25%
Magic:  8/15       EV: 16    Int: 26      God:
Gold:   280        SH:  6    Dex: 21      Spells: 3 memorised, 6 levels left

rFire  . . .     SeeInvis .       - Unarmed
rCold  + . .     Clarity  .     B - +0 robe
rNeg   . . .     SustAt   +     y - +0 buckler "Nuofa" {+Blink rC+ Regen+ Dex+3}
rPois  .         Gourm    .     (no helmet)
rElec  .         Spirit   .     C - +1 cloak
rCorr  .         Warding  .     G - +0 pair of gloves
rMut   .         Stasis   .     (no boots)
MR     .....                    (no amulet)
Stlth  ++........               (no ring)
                                t - ring of flight

@: brilliant, slowed, very slow, not resistant to hostile enchantments,
unstealthy
A: hooves 1, high mp 1, strong 1, sustain attributes
a: Evoke Blink, Evoke Flight


You were on level 9 of the Dungeon.
You were not hungry.

You visited 1 branch of the dungeon, and saw 10 of its levels.

You collected 280 gold pieces.

Inventory:

Hand Weapons
 n - a +2 short sword of draining
   (You took it off an orc on level 3 of the Dungeon)
 r - a +1 blowgun
   (You found it on level 5 of the Dungeon)
 s - a +2 dagger of protection
   (You found it on level 5 of the Dungeon)
Missiles
 a - 38 arrows
 f - 28 poisoned needles
 i - 9 steel sling bullets
Armour
 y - the +0 buckler "Nuofa" (worn) {+Blink rC+ Regen+ Dex+3}
   (You found it on level 7 of the Dungeon)

   It affects your dexterity (+3).
   It protects you from cold.
   It lets you blink.
   It increases your rate of regeneration.
 B - a +0 robe (worn)
 C - a +1 cloak (worn)
   (You found it on level 8 of the Dungeon)
 G - a +0 pair of gloves (worn)
   (You found it on level 3 of the Dungeon)
Magical Staves
 u - an uncursed staff of earth
   (You found it on level 5 of the Dungeon)
Jewellery
 l - an uncursed amulet of stasis
   (You found it on level 7 of the Dungeon)
 t - a ring of flight (left hand)
   (You found it on level 5 of the Dungeon)
Wands
 q - a wand of paralysis (9)
   (You found it on level 6 of the Dungeon)
 v - a wand of slowing (21)
   (You found it on level 5 of the Dungeon)
 x - a wand of draining (10)
   (You found it on level 6 of the Dungeon)
 H - a wand of frost (18)
   (You found it on level 8 of the Dungeon)
Scrolls
 b - 2 scrolls of fog
 h - 2 scrolls of magic mapping
 k - 2 scrolls of noise
 m - 3 scrolls of amnesia
 o - a scroll of recharging
 p - 2 scrolls of identify
 E - a scroll of teleportation {unknown}
 I - 2 scrolls of remove curse
Potions
 z - 2 potions of might
 J - 2 potions of berserk rage
 K - a potion of heal wounds {unknown}
 N - a potion of flight
 O - a potion of cancellation {unknown}
 Q - a potion of lignification {unknown}
Books
 c - a book of Changes

   Spells                             Type                      Level
   a - Beastly Appendage              Transmutation                1
   b - Sticks to Snakes               Transmutation                2
   c - Spider Form                    Transmutation/Poison         3
   d - Ice Form                       Ice/Transmutation            4
   e - Blade Hands                    Transmutation                5
 F - a book of Clouds
   (You found it on level 6 of the Dungeon)

   Spells                             Type                      Level
   a - Mephitic Cloud                 Conjuration/Poison/Air       3
   b - Conjure Flame                  Conjuration/Fire             3
   c - Poisonous Cloud                Conjuration/Poison/Air       6
   d - Freezing Cloud                 Conjuration/Ice/Air          6
   e - Ring of Flames                 Charms/Fire                  7
Comestibles
 d - 5 bread rations
 L - a beef jerky
 M - 3 fruits
 P - 2 meat rations
 R - a chunk of flesh


   Skills:
 + Level 4.3 Fighting
 + Level 4.7 Dodging
 - Level 4.0 Shields
 * Level 8.8 Unarmed Combat
 - Level 2.0 Spellcasting
 - Level 4.3 Transmutations


You had 6 spell levels left.
You knew the following spells:

 Your Spells              Type           Power        Failure   Level  Hunger
e - Beastly Appendage     Trmt           #####.       1%          1    None
k - Sticks to Snakes      Trmt           #####.....   1%          2    ##.....
p - Spider Form           Trmt/Pois      ####......   1%          3    ###....


Dungeon Overview and Level Annotations

Branches:
Dungeon (10/15)            Temple (0/1) D:6             Orc (0/4) D:10
   Lair: D:8-11

Shops:
D:10 %

Annotations:
D:3 Alipheese's ghost, amateur NaFi
D:9 Josephine


Innate Abilities, Weirdness & Mutations

You have an increased reservoir of magic (+10% MP).
Your attributes are resistant to harm.
You have large cloven feet.
Your muscles are strong. (Str +2)


Message History

The wraith hits you but does no damage. The wraith hits you!
Josephine hits you with an antimagic dagger.
You feel your power leaking away. The wraith misses you.
The wraith closely misses you. You block the wraith's attack.
Read which item? (? for menu, Esc to quit)
As you read the scroll labeled KARUD OPHYGUIS, it crumbles to dust.
It is a scroll of identify.
Identify which item? (\ to view known items) (? for menu, Esc to quit)
k - 2 scrolls of noise Josephine hits you with an antimagic dagger!
You feel your power leaking away. The wraith barely misses you.
The wraith misses you. The wraith completely misses you.
Read which item? (? for menu, Esc to quit)
Okay, then.
Read which item? (? for menu, Esc to quit)
As you read the scroll labeled LOMABI ZORAUMY, it crumbles to dust.
It is a scroll of recharging.
Charge which item? (? for menu, Esc to quit)
Your wand of paralysis {zapped: 8} glows for a moment.
Josephine completely misses you. The wraith hits you.
* * * LOW HITPOINT WARNING * * *
The wraith drains your vigour!
You feel as though you will be slow longer.
* * * LOW HITPOINT WARNING * * *
The wraith barely misses you. You block the wraith's attack.
Josephine closely misses you. The wraith completely misses you.
The wraith barely misses you. The wraith hits you.
* * * LOW HITPOINT WARNING * * *
The wraith drains your vigour!
You feel as though you will be slow longer.
* * * LOW HITPOINT WARNING * * *
Read which item? (? for menu, Esc to quit)
As you read the scroll labeled YPLITONUOZ, it crumbles to dust.
The dust glows shimmering indigo!
It was a scroll of random uselessness.
Josephine hits you but does no damage. The wraith closely misses you.
The wraith misses you. The wraith hits you.
* * * LOW HITPOINT WARNING * * *
Read which item? (? for menu, Esc to quit)
As you read the scroll labeled GOMOCELL ZINULU, it crumbles to dust.
It is a scroll of enchant armour.
Enchant which item? (? for menu, Esc to quit)
Your +0 cloak glows green for a moment.
Josephine laughs insanely.
Josephine hits you with an antimagic dagger.
* * * LOW HITPOINT WARNING * * *
You feel your power leaking away. The wraith hits you.
* * * LOW HITPOINT WARNING * * *
The wraith hits you but does no damage. The wraith hits you.
* * * LOW HITPOINT WARNING * * *
The wraith drains your vigour!
You feel as though you will be slow longer.
* * * LOW HITPOINT WARNING * * *
Josephine hits you but does no damage. The wraith barely misses you.
The wraith misses you. You block the wraith's attack.
Read which item? (? for menu, Esc to quit)
Okay, then.
Drink which item? (? for menu, Esc to quit)
Okay, then.
Read which item? (? for menu, Esc to quit)
As you read the scroll labeled XEBESA SEBBIB, it crumbles to dust.
You assume a fearsome visage.
The wraith is unaffected.
The wraith is unaffected.
Josephine looks frightened!
The wraith is unaffected.
It was a scroll of fear.
The wraith hits you!
* * * LOW HITPOINT WARNING * * *
The wraith misses you. The wraith barely misses you.
Unknown command.
Read which item? (? for menu, Esc to quit)
Okay, then.
Drink which item? (? for menu, Esc to quit)
Okay, then.
Read which item? (? for menu, Esc to quit)
As you read the scroll labeled GOUMIH DAA, it crumbles to dust.
It is a scroll of enchant weapon.
Enchant which weapon? (? for menu, Esc to quit)
Your blowgun glows red for a moment.
Josephine shouts, "No!
I'll never do that again!"
The wraith completely misses you. You block the wraith's attack.
The wraith completely misses you. The wraith closely misses you.
The wraith misses you. The wraith hits you.
* * * LOW HITPOINT WARNING * * *
Read which item? (? for menu, Esc to quit)
Okay, then.
Drink which item? (? for menu, Esc to quit)
Okay, then.
Drink which item? (? for menu, Esc to quit)
It was a potion of brilliance.
You feel clever all of a sudden. The wraith misses you. x3
Drink which item? (? for menu, Esc to quit)
It was a potion of degeneration.
There was something very wrong with that liquid.
You feel somewhat weakened. The wraith hits you!
You die...

+#######...............
.......#...............
.......#..............
##'#..............
####....####.....##
#..#....# #.....#
#..#....# #.....#
#..'....# #..WW.#
####....# ##..>@.#
#.....###
#...W######### #.....#
#@[..#..#....# #.....#
#....#..#....# #....<#
#....#..'....# #.....#
#....#..##..##
#.....#####....'...# ##
#..............###.#
#######
#..................#
##.....#


You could see Josephine (fleeing) and 3 wraiths.

Vanquished Creatures
  A hill giant (D:8)
  A wolf (D:10)
  2 phantoms (D:7)
  A sky beast (D:5)
  2 orc warriors
  2 ice beasts (D:8)
  5 ogres
  A crocodile (D:9)
  2 centaurs
  4 giant frogs
  2 crimson imps (D:5)
  2 jellies
  2 orc priests
  3 hounds
  2 worker ants
  7 orc wizards
  A hound zombie (D:5)
  A hound skeleton (D:4)
  3 adders
  A shadow imp (D:6)
  A white imp (D:5)
  2 adder skeletons
  2 giant geckos
  16 orcs
  2 ball pythons
  4 giant cockroaches
  5 hobgoblins
  6 jackals
  4 bats
  2 giant gecko skeletons
  2 giant newts
  3 goblins
  A kobold (D:2)
  4 quokkas
  5 rats
104 creatures vanquished.

Vanquished Creatures (collateral kills)
  An eye of draining (D:8)
  A necrophage (D:6)
  A wight (D:7)
  2 worker ants
  A worker ant zombie (D:5)
  A worm (D:2)
  An orc (D:3)
  A giant newt (D:6)
  5 butterflies (D:6)
14 creatures vanquished.

Grand Total: 118 creatures vanquished

Notes
Turn   | Place    | Note
--------------------------------------------------------------
     0 | D:1      | tidbits the Demigod Transmuter began the quest for the Orb.
     0 | D:1      | Reached XP level 1. HP: 15/15 MP: 5/5
   120 | D:1      | Reached skill level 2 in Spellcasting
   154 | D:2      | Found a blossoming altar of Fedhas.
   165 | D:2      | Reached skill level 2 in Transmutations
   286 | D:2      | Reached XP level 2. HP: 20/22 MP: 5/7
   344 | D:3      | Noticed Alipheese's ghost (amateur NaFi)
   465 | D:2      | Reached skill level 3 in Unarmed Combat
   477 | D:2      | HP: 2/22 [poisoned by an adder]
   511 | D:2      | Learned a level 2 spell: Sticks to Snakes
   818 | D:3      | Gained mutation: You have large cloven feet. [potion of mutation]
   818 | D:3      | Gained mutation: Your muscles are strong. (Str +2) [potion of mutation]
   897 | D:2      | Reached XP level 3. HP: 9/27 MP: 2/8
   907 | D:2      | Learned a level 3 spell: Spider Form
  1009 | D:5      | Entered Level 5 of the Dungeon
  1066 | D:4      | Found a shadowy altar of Dithmenos.
  1080 | D:4      | Reached XP level 4. HP: 11/34 MP: 2/9
  1092 | D:4      | HP: 3/34 [hound skeleton (4)]
  1096 | D:4      | Reached skill level 4 in Unarmed Combat
  1096 | D:4      | Reached skill level 3 in Transmutations
  1101 | D:4      | HP: 3/34 [poisoned by a worker ant]
  1331 | D:5      | Reached XP level 5. HP: 19/39 MP: 1/10
  1337 | D:5      | Noticed a sky beast
  1360 | D:5      | Killed a sky beast
  1360 | D:5      | Reached skill level 5 in Unarmed Combat
  1426 | D:6      | Noticed an ogre
  1587 | D:5      | Found a basalt altar of Yredelemnul.
  1630 | D:5      | Reached XP level 6. HP: 38/46 MP: 6/11
  1747 | D:6      | Noticed an orc warrior
  1773 | D:6      | Reached skill level 4 in Transmutations
  1840 | D:5      | Found a shimmering altar of Xom.
  1961 | D:7      | Got a jewelled buckler
  1983 | D:7      | Reached skill level 6 in Unarmed Combat
  1992 | D:7      | Identified the cursed +0 buckler "Nuofa" {+Blink rC+ Regen+ Dex+3} (You found it on level 7 of the Dungeon)
  2040 | D:7      | Noticed a moth of wrath
  2096 | D:7      | Reached skill level 1 in Shields
  2096 | D:7      | Reached XP level 7. HP: 25/51 MP: 7/13
  2193 | D:7      | Reached skill level 2 in Shields
  2269 | D:7      | Reached skill level 3 in Shields
  2324 | D:8      | Reached skill level 4 in Shields
  2355 | D:8      | Reached skill level 1 in Fighting
  2355 | D:8      | Reached skill level 2 in Dodging
  2392 | D:8      | Noticed a hill giant
  2476 | D:6      | Noticed a necrophage
  2490 | D:6      | Killed a necrophage
  2526 | D:6      | Noticed an ogre
  2532 | D:6      | Killed an ogre
  2560 | D:6      | Killed an ogre
  2560 | D:6      | Reached XP level 8. HP: 21/61 MP: 7/14
  2600 | D:6      | Noticed an ogre
  2614 | D:6      | Killed an ogre
  2614 | D:6      | Reached skill level 2 in Fighting
  2666 | D:6      | Killed an orc warrior
  2666 | D:6      | Reached skill level 7 in Unarmed Combat
  2675 | D:6      | Found a deep blue altar of Sif Muna.
  2688 | D:6      | Reached skill level 3 in Dodging
  2717 | D:6      | Found a staircase to the Ecumenical Temple.
  2887 | D:7      | You fall through a shaft for 3 floors!
  2887 | D:10     | Entered Level 10 of the Dungeon
  2905 | D:10     | Reached skill level 3 in Fighting
  2942 | D:10     | Found a staircase to the Orcish Mines.
  3073 | D:8      | Noticed a hill giant
  3095 | D:8      | Killed a hill giant
  3095 | D:8      | Reached skill level 4 in Dodging
  3095 | D:8      | Reached skill level 8 in Unarmed Combat
  3095 | D:8      | Reached XP level 9. HP: 54/71 MP: 10/15
  3100 | D:8      | Reached skill level 4 in Fighting
  3338 | D:8      | Found a glowing silver altar of Zin.
  3570 | D:10     | Found Ureesug's Food Emporium.
  3570 | D:10     | Noticed Josephine
  3579 | D:9      | HP: 7/72 [wraith[Josephine] (8)]
  3582 | D:9      | Slain by a wraith

Action                   |  1- 3 |  4- 6 |  7- 9 || total
-------------------------+-------+-------+-------++-------
Melee: Unarmed           |    83 |   106 |   196 ||   385
 Cast: Beastly Appendage |    22 |     1 |    10 ||    33
       Sticks to Snakes  |     5 |    12 |    23 ||    40
       Spider Form       |     3 |    15 |    10 ||    28
 Abil: End Transformatio |       |     2 |     4 ||     6
Evoke: Wand              |       |       |     3 ||     3
  Use: Potion            |     3 |     2 |     4 ||     9
       Scroll            |       |     2 |     8 ||    10
 Stab: Sleeping          |     2 |       |     2 ||     4
       Distracted        |       |     1 |     2 ||     3
       Paralysed         |       |       |    13 ||    13
  Eat: Chunk             |     2 |     8 |     8 ||    18

Table legend:
 A = Turns spent in this place as a percentage of turns spent in the entire game.
 B = Non-inter-level travel turns spent in this place as a percentage of non-inter-level travel turns spent in the entire game.
 C = Inter-level travel turns spent in this place as a percentage of turns spent in this place.
 D = Turns resting spent in this place as a percentage of non-inter-level travel turns spent in this place.
 E = Turns spent auto-exploring this place as a percentage of non-inter-level travel turns spent in this place.
 F = Non-inter-level travel turns spent in this place divided by the number of levels of this place that you've seen.
                   A       B       C       D       E      F
               +-------+-------+-------+-------+-------+----------------------
         Total | 100.0 | 100.0 |   0.2 |   0.0 |   0.0 | 328.1
       Dungeon | 100.0 | 100.0 |   0.2 |   0.0 |   0.0 | 328.1
               +-------+-------+-------+-------+-------+----------------------

Table legend:
 A = Kills in this place as a percentage of kills in entire the game.
 B = Kills by you in this place as a percentage of kills by you in the entire game.
 C = Kills by friends in this place as a percentage of kills by friends in the entire game.
 D = Other kills in this place as a percentage of other kills in the entire game.
 E = Experience gained in this place as a percentage of experience gained in the entire game.
 F = Experience gained in this place divided by the number of levels of this place that you have seen.
                   A       B       C       D       E      F
               +-------+-------+-------+-------+-------+----------------------
         Total | 100.0 | 100.0 | 100.0 |  -nan | 100.0 | 414.0
       Dungeon | 100.0 | 100.0 | 100.0 |  -nan | 100.0 | 414.0
               +-------+-------+-------+-------+-------+----------------------

Vault maps used:
D:1:      lightli_arrival_farm
D:2:      overflow_temple_1_default, kennysheep_generic_room_15
D:3:      first_bread
D:4:      grunt_temple_overflow_open, wad_floor_pattern_untrapped,
          nicolae_dithmenos_the_darkroom
D:5:      marbit_many_paths, kennysheep_mini, serial_park_tiny_pond,
          minmay_fire_ice_demons
D:6:      kennysheep_orc_sif_temple, minmay_temple_entry_butterflies,
          serial_shops, shop
D:7:      tgw_trog
D:8:      zin_scriptorium
D:9:      lair_0_dummy
D:10:     david_orc_2, serial_shops, shop, serial_ice, serial_ice_k,
          serial_ice_o, serial_ice_g, serial_ice_m, kennysheep_generic_room_4,
          uniq_josephine
